 Dungeon Crawl Stone Soup version 0.16.2-12-gd0ad4c3 (webtiles) character file.

259 jalm the Conjurer (level 5, 0/28 HPs)
             Began as a Deep Elf Conjurer on Oct 7, 2015.
             Slain by an orc wizard
             ... wielding a +0 dagger
              (2 damage)
             ... on level 4 of the Dungeon.
             The game lasted 00:12:40 (2556 turns).

jalm the Conjurer (Deep Elf Conjurer)               Turns: 2556, Time: 00:12:40

Health: 0/28       AC:  3    Str:  6    XL:     5   Next: 94%
Magic:  1/16       EV: 13    Int: 20    God:
Gold:   170        SH:  0    Dex: 15    Spells: 2 memorised, 7 levels left

rFire  . . .     SeeInvis .     j - +0 whip
rCold  . . .     Clarity  .     a - +0 robe
rNeg   . . .     SustAb   .     (no shield)
rPois  .         Gourm    .     (no helmet)
rElec  .         Spirit   .     (no cloak)
rCorr  .         Warding  .     k - +0 pair of gloves
rMut   .         Stasis   .     (no boots)
MR     .....                    (no amulet)
Stlth  ++........               (no ring)
                                (no ring)

@: not resistant to hostile enchantments, unstealthy
A: no striking features
a: no special abilities


You were on level 4 of the Dungeon.
You were not hungry.

You visited 1 branch of the dungeon, and saw 4 of its levels.

You collected 170 gold pieces.

Inventory:

Hand weapons
 j - a +0 whip (weapon)
Armour
 a - a +0 robe (worn)
 k - a +0 pair of gloves (worn)
Scrolls
 e - 2 scrolls of remove curse {unknown}
 g - a scroll of blinking {unknown}
 i - a scroll of fear {unknown}
 m - a scroll of enchant weapon {unknown}
 o - a scroll of amnesia {unknown}
 r - 3 scrolls of teleportation {unknown}
 s - 2 scrolls of fog {unknown}
 t - a scroll of random uselessness {unknown}
Potions
 d - 3 potions of heal wounds {unknown}
 f - a potion of flight {unknown}
 h - 2 potions of agility {unknown}
 p - a potion of poison {unknown}
 q - 2 potions of haste {unknown}
 v - a potion of resistance {unknown}
Books
 c - a book of Conjurations

   Spells                             Type                      Level
   a - Magic Dart                     Conjuration                  1
   b - Searing Ray                    Conjuration                  2
   c - Dazzling Spray                 Conjuration/Hexes            3
   d - Fulminant Prism                Conjuration/Hexes            4
   e - Iskenderun's Mystic Blast      Conjuration                  4
   f - Iskenderun's Battlesphere      Conjuration/Charms           5
Comestibles
 b - 5 bread rations
 l - 10 fruits
 n - a meat ration


   Skills:
 - Level 2.5 Dodging
 - Level 2.5 Stealth
 - Level 3.0 Spellcasting
 + Level 7.9 Conjurations


You had 7 spell levels left.
You knew the following spells:

 Your Spells              Type           Power        Failure   Level  Hunger
a - Magic Dart            Conj           ####         1%          1    None
b - Searing Ray           Conj           ####..       1%          2    ##.....


Dungeon Overview and Level Annotations

Branches:
Dungeon (4/15)
 Temple: D:4-7

Altars:
Fedhas


Message History

Reactivating autopickup.
The orc wizard hits you but does no damage.
Casting: Magic Dart
Confirm with . or Enter, or press ? or * to list all spells.
Aiming: Magic Dart
Press: ? - help, Shift-Dir - straight line, f - orc wizard
Aim: an orc wizard, wielding a dagger and wearing a robe (heavily wounded)
The magic dart hits the orc wizard.
The orc wizard is heavily wounded.
The orc wizard hits you with a dagger.
* * * LOW HITPOINT WARNING * * *
Casting: Magic Dart
Confirm with . or Enter, or press ? or * to list all spells.
Aiming: Magic Dart
Press: ? - help, Shift-Dir - straight line, f/p - orc wizard
Aim: an orc wizard, wielding a dagger and wearing a robe (heavily wounded)
The magic dart hits the orc wizard.
The orc wizard is severely wounded.
The orc wizard hits you with a dagger.
You die...

#... #..# #. #..# #. #..##
#. ##...###### ####.#
##....†..%..
......###............
#####....##.†...#
..........o@....##
.#.#.#.#.#)#.#.#############
............###.............
#.#.#.#.#.#..#.#############
.........#.## ##..#########
...# ###


You could see an orc wizard.

Vanquished Creatures
  2 orc priests
  A hound (D:4)
  2 orc wizards
  A gnoll (D:1)
  4 adders
  A worm (D:2)
  2 giant geckos
  2 oozes (D:2)
  4 orcs
  A giant cockroach (D:1)
  11 goblins
  9 hobgoblins
  A jackal (D:1)
  7 kobolds
  3 ball pythons
  6 bats
  3 giant newts
  9 rats
69 creatures vanquished.

Notes
Turn   | Place    | Note
--------------------------------------------------------------
     0 | D:1      | jalm, the Deep Elf Conjurer, began the quest for the Orb.
     0 | D:1      | Reached XP level 1. HP: 10/10 MP: 5/5
   177 | D:1      | Reached XP level 2. HP: 15/15 MP: 4/8
   190 | D:1      | Reached skill level 5 in Conjurations
   445 | D:1      | Reached XP level 3. HP: 17/19 MP: 1/10
  1035 | D:2      | Found a blossoming altar of Fedhas.
  1346 | D:2      | Reached skill level 6 in Conjurations
  1414 | D:2      | Reached XP level 4. HP: 24/24 MP: 10/13
  1433 | D:2      | You fall through a shaft!
  2247 | D:3      | Reached XP level 5. HP: 28/28 MP: 11/16
  2268 | D:3      | Reached skill level 7 in Conjurations
  2274 | D:3      | Learned a level 2 spell: Searing Ray
  2556 | D:4      | Slain by an orc wizard

Action                   |  1- 3 |  4- 6 || total
-------------------------+-------+-------++-------
Melee: Unarmed           |     1 |       ||     1
       Whip              |       |     1 ||     1
 Cast: Magic Dart        |    91 |    76 ||   167
       Searing Ray       |       |     2 ||     2
  Eat: Chunk             |     1 |     4 ||     5
